[Event "ICC tourney 2031 (45 10)"]
[Site "Internet Chess Club"]
[Date "2020.10.04"]
[Round "4"]
[White "Deng18"]
[Black "Singh311"]
[Result "1-0"]
[ICCResult "Black checkmated"]
[WhiteElo "1544"]
[BlackElo "1491"]
[Opening "Three knights game"]
[ECO "C46"]
[NIC "KP.06"]
[Time "12:02:49"]
[TimeControl "2700+10"]

1. e4 e5 2. Nf3 Nc6 3. Nc3 a6 4. Bc4 Na5 5. Nxe5 Nxc4 6. Nxc4 d6 7. O-O Nf6
8. d3 b5 9. Ne3 Bb7 10. a3 g6 11. f4 d5 12. Nexd5 Nxd5 13. exd5 Bxd5 14.
Nxd5 Qxd5 15. Re1+ Be7 16. Qe2 Qd6 17. Bd2 a5 18. Bc3 Rg8 19. d4 c6 20. Rad1
Ra7 21. d5 Kf8 22. dxc6 Qxc6 23. Qe3 Bc5 24. Rd8+ Qe8 25. Rxe8#
{Black checkmated}
1-0

[Event "ICC tourney 2031 (45 10)"]
[Site "Internet Chess Club"]
[Date "2020.10.04"]
[Round "4"]
[White "Erky"]
[Black "adarshrook"]
[Result "1/2-1/2"]
[ICCResult "Game drawn because neither player has mating material"]
[WhiteElo "1374"]
[BlackElo "1418"]
[Opening "King's Indian: 4.e4"]
[ECO "E70"]
[NIC "KI.31"]
[Time "12:02:39"]
[TimeControl "2700+10"]

1. d4 Nf6 2. c4 g6 3. Nc3 Bg7 4. e4 d6 5. Bd3 O-O 6. Nge2 Nbd7 7. O-O e5 8.
d5 Nc5 9. Bc2 b6 10. b4 Na6 11. a3 Nb8 12. f3 a5 13. Be3 Bb7 14. Qd3 axb4
15. axb4 Na6 16. b5 Nb4 17. Qd2 Nxc2 18. Qxc2 Nd7 19. Na4 Re8 20. Nec3 f5
21. exf5 gxf5 22. Qxf5 Nc5 23. Nxc5 Rxa1 24. Rxa1 bxc5 25. Ne4 Bc8 26. Qh5
Rf8 27. Bg5 Qd7 28. Qh4 Qf7 29. Ra8 Bf5 30. Rxf8+ Qxf8 31. Nf6+ Bxf6 32.
Bxf6 Bg6 33. Qg5 Qf7 34. Bd8 Kg7 35. Qe7 Qxe7 36. Bxe7 Kf7 37. Bd8 Bd3 38.
Bxc7 Ke7 39. b6 Kd7 40. Kf2 Bxc4 41. Ke3 Bxd5 42. Kd3 Kc6 43. Kc3 h6 44. h4
h5 45. Bd8 Kb7 46. Kd3 Kc6 47. Be7 Be6 48. b7 Kxb7 49. Bxd6 Kc6 50. Bxe5 Kd5
51. Bc3 Bf5+ 52. Ke3 Kc4 53. Be5 Kd5 54. Kf4 Bc8 55. g4 hxg4 56. fxg4 Bxg4
57. Kxg4 Kxe5 58. h5 Kf6 59. Kf4 c4 60. Ke4 c3 61. Kd3 c2 62. Kxc2 Kg5 63.
h6 Kxh6 {Game drawn because neither player has mating material} 1/2-1/2

[Event "ICC tourney 2031 (45 10)"]
[Site "Internet Chess Club"]
[Date "2020.10.04"]
[Round "4"]
[White "mexicoreal"]
[Black "crazyhorse9"]
[Result "1-0"]
[ICCResult "Black resigns"]
[WhiteElo "1959"]
[BlackElo "1388"]
[Opening "Evans gambit"]
[ECO "C52"]
[NIC "IG.05"]
[Time "12:02:48"]
[TimeControl "2700+10"]

1. e4 e5 2. Nf3 Nc6 3. Bc4 Bc5 4. b4 Bxb4 5. c3 Ba5 6. d4 exd4 7. Qb3 Qe7 8.
O-O Nf6 9. Ba3 d6 10. cxd4 O-O 11. e5 Ne4 12. Bd5 Ng5 13. Nxg5 Qxg5 14. exd6
Nxd4 15. Qc4 Ne2+ 16. Qxe2 Qxd5 17. dxc7 Bxc7 18. Bxf8 Qe5 19. Qxe5 Bxe5 20.
Nc3 Bxc3 21. Rac1 Bd2 22. Rc2 Bf5 23. Rxd2 Rxf8 24. Rc1 Re8 25. f3 g6 26.
Rc7 Bc8 27. Rdc2 Bf5 28. Rc1 Re2 29. Rxb7 Rxa2 30. Rcc7 Be6 31. Rxa7 Rd2 32.
Rc6 Bd7 33. Rc1 Kg7 34. Raa1 Bb5 35. Rab1 Ba6 36. Rd1 Re2 37. Rf1 Kh6 38.
Rf2 Re3 39. h3 Kg5 40. Kh2 f5 41. Ra2 Bc4 42. Ra4 Bd5 43. Kg3 Kh5 44. Rh4+
Kg5 45. Rxh7 f4+ 46. Kf2 Bc4 47. Rb2 Rc3 48. Re7 Kf5 49. Rd2 Kf6 50. Re4 Kf5
51. Rdd4 Rc2+ 52. Kg1 Rc1+ 53. Kh2 Bf1 54. Rxf4+ Ke5 55. Rde4+ Kd5 56. Rg4
Rc2 57. Rg5+ Kd6 58. Rxg6+ Kd5 59. h4 Be2 60. Kg3 {Black resigns} 1-0

[Event "ICC tourney 2031 (45 10)"]
[Site "Internet Chess Club"]
[Date "2020.10.04"]
[Round "4"]
[White "python0812"]
[Black "pyaru536"]
[Result "1-0"]
[ICCResult "Black resigns"]
[WhiteElo "2040"]
[BlackElo "2113"]
[Opening "Ruy Lopez: closed, Bogolyubov variation"]
[ECO "C91"]
[NIC "RL.20"]
[Time "12:02:36"]
[TimeControl "2700+10"]

1. e4 e5 2. Nf3 Nc6 3. Bb5 a6 4. Ba4 Nf6 5. O-O Be7 6. Re1 b5 7. Bb3 d6 8.
c3 O-O 9. d4 Bg4 10. Be3 exd4 11. cxd4 d5 12. e5 Ne4 13. Nc3 Nxc3 14. bxc3
Na5 15. Bc2 Nc4 16. Qd3 g6 17. Bh6 Re8 18. h3 Be6 19. g4 a5 20. Nh2 Bg5 21.
Bxg5 Qxg5 22. Qg3 Qd2 23. Rac1 b4 24. Nf3 Qh6 25. h4 Nd2 26. Ng5 Qg7 27. h5
Qh6 28. f4 Kh8 29. Kg2 Qg7 30. hxg6 fxg6 31. Rh1 Bg8 32. f5 gxf5 33. gxf5
Ne4 34. Bxe4 dxe4 35. f6 Qg6 36. f7 Rf8 37. e6 h6 38. Qe5+ {Black resigns}
1-0

[Event "ICC tourney 2031 (45 10)"]
[Site "Internet Chess Club"]
[Date "2020.10.04"]
[Round "5"]
[White "StellanZ"]
[Black "Erky"]
[Result "0-1"]
[ICCResult "White resigns"]
[WhiteElo "1225"]
[BlackElo "1389"]
[Opening "Sicilian: Najdorf, 6...e6"]
[ECO "B95"]
[NIC "SI.04"]
[Time "14:31:41"]
[TimeControl "2700+10"]

1. e4 c5 2. Nf3 d6 3. d4 cxd4 4. Nxd4 Nf6 5. Nc3 a6 6. Bg5 e6 7. Bc4 Be7 8.
O-O O-O 9. Qf3 Qc7 10. Bb3 Nc6 11. Nxc6 bxc6 12. Bxf6 Bxf6 13. Rfc1 Bb7 14.
Rd1 Rfd8 15. h3 c5 16. Rd2 c4 17. Ba4 Bxc3 18. Qxc3 Bxe4 19. Rd4 d5 20. b3
e5 21. Rdd1 d4 22. Qxc4 Qxc4 23. bxc4 Rac8 24. Bb3 Bg6 25. Re1 f6 26. Rac1
Rc5 27. c3 d3 28. Re3 e4 29. f3 f5 30. fxe4 fxe4 31. Kf2 h6 32. Rg3 Kh7 33.
Re3 Rf5+ 34. Kg3 Rdf8 35. Kg4 Rg5+ 36. Kh4 Rxg2 37. Rg3 Rf4+ 38. Rg4 Rfxg4+
39. hxg4 e3 40. Bd1 e2 41. Bxe2 Rxe2 42. c5 Re5 43. c6 Rc5 44. g5 h5
{White resigns}
0-1

[Event "ICC tourney 2031 (45 10)"]
[Site "Internet Chess Club"]
[Date "2020.10.04"]
[Round "5"]
[White "adarshrook"]
[Black "SeanO"]
[Result "1-0"]
[ICCResult "Black checkmated"]
[WhiteElo "1422"]
[BlackElo "1248"]
[Opening "Philidor: Improved Hanham variation"]
[ECO "B07"]
[NIC "VO.17"]
[Time "14:31:42"]
[TimeControl "2700+10"]

1. e4 d6 2. d4 Nd7 3. Nf3 e5 4. Nc3 Ngf6 5. Bb5 Be7 6. dxe5 dxe5 7. Nxe5 O-O
8. Nxd7 Bxd7 9. Bxd7 Bd6 10. Bb5 c6 11. Bd3 Re8 12. O-O Qc7 13. g3 Rad8 14.
f4 Bc5+ 15. Kh1 Qc8 16. Na4 Bd4 17. Qf3 Ng4 18. c3 Bf6 19. Be2 h5 20. c4 Bd4
21. Qg2 Be3 22. Bxg4 hxg4 23. Bxe3 f5 24. Rad1 Rxe4 25. Rxd8+ Qxd8 26. Qd2
Qe7 27. Re1 b6 28. Bf2 Qe6 29. Nc3 Rxe1+ 30. Qxe1 Qxc4 31. Qd1 Kh7 32. Qb1
Kg6 33. Kg1 c5 34. Qf1 Qe6 35. Nb5 Qd7 36. Nc3 Kh5 37. h3 g5 38. hxg4+ Kxg4
39. Qe2+ Kh3 40. Qh5# {Black checkmated} 1-0

[Event "ICC tourney 2031 (45 10)"]
[Site "Internet Chess Club"]
[Date "2020.10.04"]
[Round "5"]
[White "Rene0329"]
[Black "AAKASHBHATTA"]
[Result "1/2-1/2"]
[ICCResult "Game drawn by repetition"]
[WhiteElo "1193"]
[BlackElo "1104"]
[Opening "Four knights: Italian variation"]
[ECO "C55"]
[NIC "IG.01"]
[Time "14:32:07"]
[TimeControl "2700+10"]

1. e4 e5 2. Nf3 Nc6 3. Bc4 Nf6 4. Nc3 d6 5. O-O Be6 6. Bxe6 fxe6 7. d3 d5 8.
exd5 exd5 9. d4 Bd6 10. Re1 Qe7 11. Bf4 e4 12. Bxd6 cxd6 13. Ng5 O-O 14. f3
Nd7 15. f4 Rxf4 16. Nh3 Rff8 17. Nxd5 Qf7 18. Ne3 Qf6 19. Nd5 Qf7 20. Nc3 d5
21. Ng5 Qf5 22. Nh3 Rae8 23. Qe2 Nxd4 24. Qd2 Nc6 25. Rf1 Qe5 26. Rxf8+ Nxf8
27. Rf1 Ng6 28. Nf4 Rf8 29. Nxg6 Rxf1+ 30. Kxf1 Qf5+ 31. Kg1 Qxg6 32. Qxd5+
Qf7 33. Qxe4 Ne7 34. Qxb7 Qf6 35. Nd5 Nxd5 36. Qxd5+ Kf8 37. b4 Qb6+ 38. Kf1
Qf6+ 39. Ke1 Qc3+ 40. Kd1 Qxb4 41. Qd8+ Kf7 42. Qd7+ Qe7 43. Qd5+ Qe6 44. c4
Qxd5+ 45. cxd5 Ke7 46. Kd2 Kd6 47. Kc3 Kxd5 48. a4 Kc5 49. Kb3 Kb6 50. Kb4
a5+ 51. Ka3 Kc5 52. Kb3 Kb6 53. Kc4 Kc6 54. h4 h6 55. g4 g5 56. hxg5 hxg5
57. Kd4 Kd6 58. Ke4 Ke6 59. Kd4 Kd6 60. Kc4 Kc6 61. Kd4 Kd6
{Game drawn by repetition}
1/2-1/2

[Event "ICC tourney 2031 (45 10)"]
[Site "Internet Chess Club"]
[Date "2020.10.04"]
[Round "5"]
[White "aronian22"]
[Black "mexicoreal"]
[Result "0-1"]
[ICCResult "White resigns"]
[WhiteElo "1504"]
[BlackElo "1953"]
[Opening "King's Indian: fianchetto with ...Nc6"]
[ECO "E62"]
[NIC "KI.72"]
[Time "14:31:44"]
[TimeControl "2700+10"]

1. d4 Nf6 2. c4 g6 3. Nc3 Bg7 4. g3 O-O 5. Bg2 d6 6. Nf3 Nc6 7. O-O Nd7 8.
e4 e5 9. d5 Ne7 10. b4 a5 11. Ba3 b6 12. bxa5 Rxa5 13. Bb4 Ra8 14. a4 Ba6
15. Nd2 f5 16. a5 Nc5 17. axb6 cxb6 18. Bxc5 bxc5 19. Qc2 Bh6 20. f4 exf4
21. gxf4 fxe4 22. Qxe4 Nf5 23. Nf3 Re8 24. Qd3 Bxf4 25. Nd2 Re3 26. Qc2 Qh4
27. Nf3 Nd4 28. Nxd4 Bxh2+ 29. Kh1 Bg3+ 30. Bh3 Qxh3+ 31. Kg1 Rxc3 32. Qb2
Bh4 33. Rxa6 Rg3+ {White resigns} 0-1

[Event "ICC tourney 2031 (45 10)"]
[Site "Internet Chess Club"]
[Date "2020.10.04"]
[Round "5"]
[White "pyaru536"]
[Black "Deng18"]
[Result "1-0"]
[ICCResult "Black checkmated"]
[WhiteElo "2113"]
[BlackElo "1564"]
[Opening "Queen's gambit declined"]
[ECO "D30"]
[NIC "QP.08"]
[Time "14:31:42"]
[TimeControl "2700+10"]

1. d4 d5 2. c4 e6 3. Nf3 Nf6 4. g3 Nc6 5. cxd5 exd5 6. Bg2 Be7 7. O-O O-O 8.
Nc3 Be6 9. Bf4 h6 10. Rc1 Bd6 11. Ne5 Ne7 12. a3 Ng6 13. Nxg6 fxg6 14. Bxd6
Qxd6 15. Nb5 Qd7 16. Nxc7 Rac8 17. Nxe6 Qxe6 18. e3 Qb6 19. b4 a5 20. Qb3
Rcd8 21. Rc5 axb4 22. Qxb4 Qa6 23. Qb3 Kh7 24. Bxd5 Nxd5 25. Rxd5 Qe6 26.
Rb5 Qd6 27. Rxb7 Rb8 28. Qb4 Qxb4 29. Rxb4 Ra8 30. a4 Rf6 31. e4 Rfa6 32.
Ra1 Re8 33. d5 g5 34. a5 Rea8 35. Rb5 h5 36. e5 Re8 37. d6 Rd8 38. Rb6 Ra7
39. a6 Kg6 40. e6 Rda8 41. d7 Kf6 42. Rd1 Ke7 43. Rb7 Rxb7 44. axb7 Rb8 45.
d8=Q+ Rxd8 46. Rxd8 Kxd8 47. b8=Q+ Ke7 48. Qg8 Kf6 49. Qf7+ Ke5 50. Qxg7+
Kd6 51. e7 Kc6 52. e8=Q+ Kd6 53. Qgd7+ Kc5 54. Qec8+ Kb4 55. Qdb7+ Ka5 56.
Qca8# {Black checkmated} 1-0

[Event "ICC tourney 2031 (45 10)"]
[Site "Internet Chess Club"]
[Date "2020.10.04"]
[Round "5"]
[White "ninjaforce16"]
[Black "python0812"]
[Result "0-1"]
[ICCResult "White resigns"]
[WhiteElo "1620"]
[BlackElo "2041"]
[Opening "Sicilian: dragon, Yugoslav attack"]
[ECO "B75"]
[NIC "SI.17"]
[Time "14:31:43"]
[TimeControl "2700+10"]

1. e4 c5 2. Nf3 d6 3. d4 cxd4 4. Nxd4 Nf6 5. Nc3 g6 6. Be3 Bg7 7. f3 a6 8.
Qd2 h5 9. O-O-O b5 10. Kb1 Nbd7 11. Nd5 Bb7 12. c4 bxc4 13. Bxc4 Rc8 14. Bb3
Nxd5 15. exd5 Nb6 16. Nc2 Nc4 17. Bxc4 Rxc4 18. Qd3 Qc7 19. Rhe1 O-O 20. Bg5
Rc8 21. Na1 Rd4 22. Qc2 Qb6 23. Qe2 Bxd5 24. Rxd4 Bxd4 25. Bxe7 Be6 26. g4
hxg4 27. fxg4 Bc4 28. Qd2 Be6 29. Rxe6 fxe6 30. Nb3 Be5 31. Bg5 Qg1+ 32. Nc1
Qxg4 33. h4 Qf5+ 34. Ka1 Rc2 {White resigns} 0-1

[Event "ICC tourney 2031 (45 10)"]
[Site "Internet Chess Club"]
[Date "2020.10.04"]
[Round "5"]
[White "Singh311"]
[Black "rpodder1"]
[Result "0-1"]
[ICCResult "White resigns"]
[WhiteElo "1444"]
[BlackElo "1543"]
[Opening "Sicilian"]
[ECO "B50"]
[NIC "SI.01"]
[Time "14:31:45"]
[TimeControl "2700+10"]

1. e4 c5 2. Nf3 d6 3. g3 Nf6 4. c3 Nxe4 5. Qa4+ Bd7 6. Qxe4 Bc6 7. Qd3 e5 8.
Qe2 Qf6 9. Bg2 a6 10. d3 Be7 11. Bg5 Qe6 12. Bxe7 Kxe7 13. Nbd2 Re8 14. O-O
Kf8 15. Rfe1 Nd7 16. Qe3 h6 17. Re2 f6 18. h4 d5 19. Rae1 Re7 20. Kh2 Rae8
21. Bh3 Qd6 22. Ng1 Bb5 23. b3 d4 24. Qf3 dxc3 25. Qh5 cxd2 26. Rxd2 e4 27.
Red1 e3 28. Bf5 exd2 29. Qg6 Ne5 30. Qh7 Bxd3 31. Qh8+ Kf7 32. Bg6+
{White resigns}
0-1

[Event "ICC tourney 2031 (45 10)"]
[Site "Internet Chess Club"]
[Date "2020.10.04"]
[Round "6"]
[White "rpodder1"]
[Black "python0812"]
[Result "0-1"]
[ICCResult "White resigns"]
[WhiteElo "1551"]
[BlackElo "2042"]
[Opening "Sicilian: Alapin's variation (2.c3)"]
[ECO "B22"]
[NIC "SI.46"]
[Time "17:03:09"]
[TimeControl "2700+10"]

1. e4 c5 2. c3 d6 3. d4 Nf6 4. dxc5 dxc5 5. Qxd8+ Kxd8 6. e5 Nd5 7. Nf3 h6
8. Bc4 e6 9. O-O a6 10. a4 b6 11. Rd1 Bb7 12. Bb3 Kc7 13. c4 Nb4 14. Ne1
N8c6 15. f4 Nd4 16. Ba2 Ndc2 17. Nxc2 Nxc2 18. Nc3 Nxa1 19. Rd2 Rd8 20. Re2
g5 21. fxg5 hxg5 22. b3 Rd4 23. Bb2 Nxb3 24. Bxb3 Rdh4 25. h3 g4 26. hxg4
Rxg4 27. Bc2 Rxc4 28. Bd3 Rd4 29. Bc2 Rb4 30. Ba3 Rc4 31. Bb2 Bh6 32. Rf2
Be3 {White resigns} 0-1

[Event "ICC tourney 2031 (45 10)"]
[Site "Internet Chess Club"]
[Date "2020.10.04"]
[Round "6"]
[White "SeanO"]
[Black "AAKASHBHATTA"]
[Result "1-0"]
[ICCResult "Black checkmated"]
[WhiteElo "1269"]
[BlackElo "1080"]
[Opening "Queen's pawn, Mason variation"]
[ECO "D00"]
[NIC "QP.08"]
[Time "17:03:04"]
[TimeControl "2700+10"]

1. d4 d5 2. Bf4 Nf6 3. e3 Nc6 4. Nf3 e6 5. Bd3 Bd6 6. Ne5 O-O 7. Nd2 Nd7 8.
Nxc6 bxc6 9. Bg3 Bxg3 10. hxg3 Nf6 11. Nf3 Bd7 12. Ne5 Rb8 13. b3 Qe7 14.
Nf3 c5 15. c3 cxd4 16. cxd4 c5 17. Ng5 h6 18. Nf3 cxd4 19. Nxd4 Qb4+ 20. Qd2
Qxd2+ 21. Kxd2 Ne4+ 22. Bxe4 dxe4 23. Rac1 Rbc8 24. f3 exf3 25. gxf3 Rxc1
26. Rxc1 Rc8 27. Rxc8+ Bxc8 28. Nc6 Bb7 29. Nxa7 Bxf3 30. Kd3 Bg4 31. b4
Bf5+ 32. Kd4 f6 33. b5 e5+ 34. Kc3 Bd7 35. b6 Be6 36. a4 Bd5 37. a5 Bb7 38.
Kc4 Kf8 39. Kc5 Ke7 40. Kb5 Kd7 41. a6 Ba8 42. b7 Bxb7 43. axb7 Kc7 44. Ka6
Kb8 45. Nc6+ Kc7 46. Ka7 Kxc6 47. b8=Q Kd5 48. Qg8+ Ke4 49. Qxg7 Kxe3 50.
Qxh6+ Kd4 51. Qxf6 Ke4 52. g4 Kd5 53. g5 e4 54. g6 e3 55. g7 Ke4 56. Qe6+
Kf3 57. Qxe3+ Kxe3 58. g8=Q Ke4 59. Qe6+ Kd4 60. Qf5 Ke3 61. Qg4 Kd3 62. Qf4
Kc3 63. Qe4 Kd2 64. Qf3 Kc2 65. Qe3 Kb2 66. Qd3 Kc1 67. Qe2 Kb1 68. Kb6 Kc1
69. Kb5 Kb1 70. Kb4 Kc1 71. Kb3 Kb1 72. Qb2# {Black checkmated} 1-0

[Event "ICC tourney 2031 (45 10)"]
[Site "Internet Chess Club"]
[Date "2020.10.04"]
[Round "6"]
[White "Rene0329"]
[Black "aronian22"]
[Result "0-1"]
[ICCResult "White checkmated"]
[WhiteElo "1180"]
[BlackElo "1507"]
[Opening "Sicilian"]
[ECO "B50"]
[NIC "SI.01"]
[Time "17:03:03"]
[TimeControl "2700+10"]

1. e4 c5 2. Nf3 d6 3. Bc4 Nf6 4. e5 dxe5 5. Nxe5 e6 6. O-O Qd4 7. d3 Qxe5 8.
Re1 Qc7 9. Be3 Bd6 10. g3 O-O 11. Nc3 Bd7 12. Bb5 a6 13. Bxd7 Nbxd7 14. Ne4
Be5 15. Nxf6+ Nxf6 16. Qf3 Bd4 17. Bxd4 cxd4 18. Rad1 Rac8 19. c4 dxc3 20.
Rc1 Nd5 21. bxc3 Nxc3 22. d4 Qa5 23. Re5 Qb4 24. Kg2 Qxd4 25. Re3 Nxa2 26.
Rxc8 Rxc8 27. Qxb7 Qd5+ 28. Qxd5 exd5 29. Ra3 Nb4 30. Ra4 Rb8 31. h4 d4 32.
Ra1 d3 33. Kf3 Re8 34. Rb1 d2 35. g4 Nd5 36. Rd1 a5 37. Rxd2 Nb4 38. Kg3 a4
39. Rd1 a3 40. f4 a2 41. h5 Nc2 42. g5 a1=Q 43. Rxa1 Nxa1 44. f5 Kf8 45. h6
gxh6 46. gxh6 Ke7 47. Kg4 Kf6 48. Kf4 Nc2 49. Kg4 Ne3+ 50. Kf4 Nxf5 51. Kg4
Nxh6+ 52. Kf4 Nf5 53. Kg4 Re4+ 54. Kh5 Rh4# {White checkmated} 0-1

[Event "ICC tourney 2031 (45 10)"]
[Site "Internet Chess Club"]
[Date "2020.10.04"]
[Round "6"]
[White "Singh311"]
[Black "adarshrook"]
[Result "0-1"]
[ICCResult "White resigns"]
[WhiteElo "1391"]
[BlackElo "1430"]
[Opening "Ruy Lopez: closed, 7...O-O"]
[ECO "C88"]
[NIC "RL.17"]
[Time "17:03:06"]
[TimeControl "2700+10"]

1. e4 e5 2. Nf3 Nc6 3. Bb5 a6 4. Ba4 Nf6 5. O-O Be7 6. Re1 b5 7. Bb3 O-O 8.
d3 d6 9. a3 Na5 10. Ba2 c5 11. c3 Nc6 12. Nbd2 Re8 13. b4 Bf8 14. Nf1 d5 15.
exd5 Nxd5 16. bxc5 Nxc3 17. Qb3 Nxa2 18. Rxa2 Be6 19. Qc2 Bxa2 20. Qxa2 Qxd3
21. Re3 Qc4 22. Qxc4 bxc4 23. Bb2 Bxc5 24. Re2 Nd4 25. Re1 Nxf3+ 26. gxf3
Bd4 27. Bc1 Rab8 28. Be3 c3 29. Bc1 c2 30. Ne3 Bxe3 31. Rxe3 Rb1 32. Re1 Rd8
33. Be3 Rxe1+ 34. Kg2 c1=Q {White resigns} 0-1

[Event "ICC tourney 2031 (45 10)"]
[Site "Internet Chess Club"]
[Date "2020.10.04"]
[Round "6"]
[White "Erky"]
[Black "crazyhorse9"]
[Result "0-1"]
[ICCResult "White resigns"]
[WhiteElo "1345"]
[BlackElo "1395"]
[Opening "King's Indian: 4.e4"]
[ECO "E70"]
[NIC "KI.31"]
[Time "17:03:04"]
[TimeControl "2700+10"]

1. d4 Nf6 2. c4 g6 3. Nc3 Bg7 4. e4 d6 5. Bd3 e5 6. d5 O-O 7. Nge2 a6 8. O-O
a5 9. f3 Nfd7 10. Be3 Na6 11. a3 Nac5 12. Bc2 f5 13. b4 Na6 14. Qd3 axb4 15.
axb4 Nxb4 16. Qd2 Rxa1 17. Rxa1 f4 18. Bf2 Na6 19. Na4 Rf7 20. Qa5 b6 21.
Qb5 Nac5 22. Nxc5 bxc5 23. Nc3 Nb6 24. Na4 Bd7 25. Qa6 Bc8 26. Qb5 Qg5 27.
Bd3 Bd7 28. Qa5 Bxa4 29. Rxa4 Nxa4 30. Qxa4 Qd8 31. Be1 g5 32. Qc6 h5 33.
Bc2 g4 34. fxg4 hxg4 35. Bd1 Qg5 36. Qe8+ Bf8 37. Qe6 f3 38. g3 Qh5
{White resigns}
0-1

[Event "ICC tourney 2031 (45 10)"]
[Site "Internet Chess Club"]
[Date "2020.10.04"]
[Round "6"]
[White "mexicoreal"]
[Black "pyaru536"]
[Result "1-0"]
[ICCResult "Black checkmated"]
[WhiteElo "1989"]
[BlackElo "2099"]
[Opening "Two knights defense"]
[ECO "C58"]
[NIC "KP.01"]
[Time "17:03:02"]
[TimeControl "2700+10"]

1. e4 e5 2. Nf3 Nc6 3. Bc4 Nf6 4. Ng5 d5 5. exd5 Na5 6. Bb5+ c6 7. dxc6 bxc6
8. Bd3 Nd5 9. Nf3 Bd6 10. O-O Nf4 11. Re1 Nxd3 12. cxd3 O-O 13. Nxe5 Re8 14.
d4 f6 15. Nf3 Bg4 16. d3 Qc7 17. h3 Bxf3 18. gxf3 Qd7 19. Kg2 Bb4 20. Rxe8+
Qxe8 21. Bf4 Qg6+ 22. Bg3 f5 23. Qa4 Bd6 24. Qxa5 f4 25. Nd2 fxg3 26. Ne4
gxf2+ 27. Qg5 Qxg5+ 28. Nxg5 Bf4 29. Ne4 Be3 30. b3 Rd8 31. Rd1 Rd5 32. h4
Rh5 33. Rh1 Bxd4 34. Nxf2 Rc5 35. Ne4 Rc2+ 36. Kg3 Rxa2 37. Rc1 Ra6 38. Rc4
Be3 39. f4 Rb6 40. Kf3 Bc1 41. Rxc1 Rxb3 42. Ke3 Rb6 43. Ra1 Rb7 44. Kd4
Rd7+ 45. Kc4 Kf7 46. Ra6 Kg6 47. Rxc6+ Kh5 48. d4 Kxh4 49. Nc5 Rf7 50. Ne6
h5 51. Rc5 g6 52. Rg5 Rxf4 53. Nxf4 Kxg5 54. d5 Kxf4 55. d6 g5 56. d7 h4 57.
d8=Q h3 58. Qd2+ Kg4 59. Qf2 a6 60. Kb4 h2 61. Qxh2 Kf3 62. Qh3+ Kf4 63. Ka5
g4 64. Qg2 g3 65. Kxa6 Kg4 66. Kb5 Kf4 67. Kc4 Kg4 68. Kd5 Kf4 69. Kd4 Kg4
70. Ke4 Kh4 71. Kf4 Kh5 72. Qxg3 Kh6 73. Kf5 Kh7 74. Kf6 Kh8 75. Qg7#
{Black checkmated}
1-0

[Event "ICC tourney 2031 (45 10)"]
[Site "Internet Chess Club"]
[Date "2020.10.04"]
[Round "6"]
[White "Deng18"]
[Black "ninjaforce16"]
[Result "0-1"]
[ICCResult "White checkmated"]
[WhiteElo "1532"]
[BlackElo "1644"]
[Opening "Sicilian: Najdorf, Byrne (English) attack"]
[ECO "B90"]
[NIC "SI.14"]
[Time "17:03:26"]
[TimeControl "2700+10"]

1. e4 c5 2. Nf3 d6 3. d4 cxd4 4. Nxd4 Nf6 5. Nc3 a6 6. Be3 e5 7. Nf3 Qc7 8.
Be2 Be7 9. O-O O-O 10. h3 h6 11. Qd2 Kh7 12. Rad1 Be6 13. a3 Nbd7 14. Bd3 b5
15. Nh2 Nc5 16. Bxc5 dxc5 17. Qe3 c4 18. Be2 Rad8 19. Qg3 Rd7 20. Nf3 Bd6
21. Nd2 Rdd8 22. Rfe1 Nd7 23. Nf1 Bc5 24. Ne3 Nb6 25. Bg4 Bd4 26. Nf5 Bxf5
27. Bxf5+ Kg8 28. Rd2 Bxc3 29. Qxc3 Na4 30. Qe3 Nxb2 31. Rf1 Rxd2 32. Qxd2
Rd8 33. Qe2 Qd6 34. Rc1 Qxa3 35. Re1 a5 36. Rf1 a4 37. f4 Qc3 38. fxe5 Qxe5
39. Qf3 Qe7 40. Qc3 a3 41. e5 b4 42. Qe3 Rd1 43. Rxd1 Nxd1 44. Qf3 Qd8 45.
e6 Qd4+ 46. Kh1 Nf2+ 47. Kh2 Qd6+ 48. Kg1 fxe6 49. Qa8+ Kf7 50. Qa7+ Kf6 51.
Qxf2 exf5 52. Qh4+ Kf7 53. Qxc4+ Qe6 54. Qxb4 a2 55. Qb7+ Kg6 56. Qb2 Qe1+
57. Kh2 a1=Q 58. Qb6+ Qf6 59. Qc7 Qfe5+ 60. Qxe5 Qxe5+ 61. Kg1 Qc5+ 62. Kf1
Qxc2 63. Kg1 Kg5 64. Kf1 Kf4 65. Kg1 Kg3 66. Kf1 Qd2 67. h4 Qd1#
{White checkmated}
0-1